 Dungeon Crawl Stone Soup version 0.28.0 (webtiles) character file.

Game seed: 9026283331190831250

165 GilGalad the Chopper (level 5, 0/47 HPs)
             Began as a Minotaur Fighter on Feb 8, 2022.
             Killed from afar by Sigmund (6 damage)
             ... with a puff of flame
             ... on level 3 of the Dungeon.
             The game lasted 00:03:19 (2342 turns).

GilGalad the Chopper (Minotaur Fighter)             Turns: 2342, Time: 00:03:19

Health: 0/47       AC:  7    Str: 23    XL:     5   Next: 22%
Magic:  4/4        EV:  9    Int:  5    God:
Gold:   108        SH:  0    Dex:  9    Spells: 4/4 levels left

rFire   . . .      SeeInvis .   a - +0 war axe
rCold   . . .      Faith    .   c - +0 buckler
rNeg    . . .      Spirit   .   b - +0 scale mail
rPois   .          Reflect  .   (helmet restricted)
rElec   .          Harm     .   (no cloak)
rCorr   .          Rampage  .   (no gloves)
Will    .....                   (no boots)
Stlth   ..........              (no amulet)
HPRegen 0.15/turn               (no ring)
MPRegen 0.09/turn               (no ring)

@: confused
A: horns 2, retaliatory headbutt
a: no special abilities


You were on level 3 of the Dungeon.
You visited 1 branch of the dungeon, and saw 3 of its levels.

You collected 108 gold pieces.

Inventory:

Hand Weapons
 a - a +0 war axe (weapon)
Armour
 b - a +0 scale mail (worn)
 c - a +0 buckler (worn)
Scrolls
 e - a scroll of torment {unknown}
 h - 5 scrolls of identify {unknown}
Potions
 d - 2 potions of might
 f - 2 potions of heal wounds {unknown}
 g - a potion of berserk rage {unknown}
 i - a potion of haste
 j - a potion of ambrosia {unknown}


   Skills:
 + Level 4.6 Fighting
 + Level 4.7 Axes
 + Level 4.5 Armour
 + Level 0.4 Dodging
 + Level 4.1 Shields


You had 4 spell levels left.
You didn't know any spells.
Your spell library contained the following spells:

 Spells                   Type           Power      Damage    Failure   Level
 Summon Forest            Summ/Tloc      0%         N/A       100%        5
 Summon Mana Viper        Hex/Summ       0%         N/A       100%        5
 Summon Cactus Giant      Summ           0%         N/A       100%        6


Dungeon Overview and Level Annotations

Branches:
Dungeon (3/15)

Altars:

Annotations:
D:3 Natasha, Sigmund


Innate Abilities, Weirdness & Mutations

You have a pair of horns on your head.
You reflexively headbutt those who attack you in melee.


Message History

Sigmund hits you with a +0 scythe of protection!
You block Sigmund's attack.
You hit Sigmund but do no damage.
Sigmund is severely wounded.
Sigmund barely misses you.
You closely miss Sigmund.
Sigmund is severely wounded.
Sigmund casts a spell at you. You resist with some effort.
Sigmund hits you but does no damage.
You slash Sigmund!
Sigmund is almost dead.
Sigmund hits you with a +0 scythe of protection.
You closely miss Sigmund. Your headbutt misses Sigmund.
Sigmund is almost dead.
Sigmund hits you but does no damage.
You barely miss Sigmund. Your headbutt misses Sigmund.
Sigmund is almost dead.
Sigmund hits you with a +0 scythe of protection!
You closely miss Sigmund.
Sigmund is almost dead.
Sigmund casts a spell.
Sigmund flickers and vanishes!
Deactivating autopickup; reactivate with Ctrl-A.
Something hits you!
* * * LOW HITPOINT WARNING * * *
You hear some strange, mumbled words.
You are confused.
You hear some strange, mumbled words.
You are more confused.
You're too confused to move!
Something hits you but does no damage.
Natasha, Servant of Life and Death comes into view.
Natasha hisses angrily.
Natasha casts a spell.
Something hits you.
* * * LOW HITPOINT WARNING * * *
Natasha extends her claws.
You hear some strange, mumbled words.
A puff of flame appears from out of thin air!
The puff of flame hits you.
You die...

. #.#..## #.........#
..####.....#####...5.....####
#.....#..(....................
..##.#...).....###.#..#.....
#.##.....).......h........#
#.#....†.#.####.....#.....#
####...##..##.)............####
......###.....#{...#..........##
................@.....##..###..##
[..........####........##...##..#
..[...###.## #........#.........
.....## ### #..........†...#...
.....# #........#.....#... .†...#
#..>.....#..)..#... ###..#
#........#......... #.[#
###.#...........#... #..#
#.....#.###.....#...


You could see Natasha and a white imp (summoned).

Vanquished Creatures
  Natasha (D:3)
  Robin (D:3)
  6 adders
  A white imp (D:3)
  2 worms
  A dart slug (D:1)
  5 ball pythons
  9 bats
  A giant cockroach (D:3)
  8 hobgoblins
  4 jackals
  2 quokkas (D:2)
  A frilled lizard (D:2)
  14 goblins
  2 kobolds
  7 rats
65 creatures vanquished.

Notes
Turn   | Place    | Note
-------+----------+-------------------------------------------
     0 | D:1      | GilGalad the Minotaur Fighter began the quest for the Orb.
     0 | D:1      | Reached XP level 1. HP: 19/19 MP: 0/0
   143 | D:1      | Reached XP level 2. HP: 27/27 MP: 1/1
   777 | D:2      | Reached XP level 3. HP: 19/33 MP: 2/2
  1173 | D:2      | Reached XP level 4. HP: 37/41 MP: 3/3
  1352 | D:2      | Found a faded altar of an unknown god.
  1421 | D:2      | Identified the -7 cloak "Boxel" {Rampage +Blink Int-2
                  | Slay+2}
  1654 | D:3      | Noticed Natasha
  1659 | D:3      | Killed Natasha
  2097 | D:3      | Reached XP level 5. HP: 47/47 MP: 4/4
  2206 | D:3      | Noticed Robin
  2267 | D:3      | Killed Robin
  2315 | D:3      | Noticed Sigmund
  2341 | D:3      | Noticed Natasha
  2342 | D:3      | Killed from afar by Sigmund

Illustrated notes

Levels and vault maps discovered:
D:1:      sevenhm_arrival_forest_fort_small_4, layout_basic, minivault_27,
          minmay_misc_feat_roman
D:2:      layout_loops_ring, shapermc_ecumenical_altar_ellora, minmay_circle_x
D:3:      layout_rooms, uniq_robin, uniq_sigmund, uniq_natasha

Skill      XL: |  1  2  3  4 |
---------------+-------------+-----
Fighting       | 4 |  4.6
Axes           | 3 4 |  4.7
Armour         | 4 |  4.5
Shields        | 4 |  4.1
Dodging        | |  0.4

Action                   |  1- 3 |  4- 6 || total
-------------------------+-------+-------++-------
Melee: War axe           |    56 |    57 ||   113
       Headbutt          |     7 |    13 ||    20
Armor: Scale mail        |    38 |    28 ||    66
Dodge: Dodged            |    36 |    29 ||    65
Block: Buckler           |    15 |    12 ||    27
